 Dungeon Crawl Stone Soup version 0.29.1-13-g9f3cf754e1 (webtiles) character file.

Game seed: 14461380432509101999

14 H0rd4k the Charlatan (level 2, 0/18 HPs)
             Began as an Octopode Artificer on Feb 10, 2023.
             Slain by a gnoll
             ... wielding a +0 spear
              (7 damage)
             ... on level 2 of the Dungeon.
             The game lasted 00:00:21 (1071 turns).

H0rd4k the Charlatan (Octopode Artificer)           Turns: 1071, Time: 00:00:21

Health: 0/18       AC:  1    Str: 11    XL:     2   Next: 45%
Magic:  3/3        EV: 13    Int: 13    God:
Gold:   36         SH:  0    Dex: 12    Spells: 3/3 levels left

rFire   . . .      SeeInvis .   (no weapon)
rCold   . . .      Faith    .   (no shield)
rNeg    . . .      Spirit   .   (helmet restricted)
rPois   .          Reflect  .   (no amulet)
rElec   .          Harm     .   (no ring)
rCorr   .          Rampage  .   (no ring)
Will    .....                   (no ring)
Stlth   +++.......              (no ring)
HPRegen 0.06/turn               (no ring)
MPRegen 0.08/turn               (no ring)
                                (no ring)
                                (no ring)

@: no status effects
A: almost no armour, amphibious, 8 rings, camouflage 1, gelatinous body 1,
(nimble swimmer 1), tentacles
a: no special abilities


You were on level 2 of the Dungeon.
You visited 1 branch of the dungeon, and saw 2 of its levels.

You collected 36 gold pieces.

Inventory:

Wands
 b - a wand of flame (15) (quivered)
 c - a wand of charming (15)
 d - a wand of iceblast (5)
Scrolls
 e - 2 scrolls of amnesia {unknown}
 f - a scroll of identify {unknown}
 g - a scroll of blinking {unknown}
Potions
 a - a potion of lignification {unknown}


   Skills:
 * Level 1.6 Fighting
 - Level 2.3 Dodging
 - Level 1.3 Stealth
 + Level 0.2 Unarmed Combat
 * Level 1.2 Spellcasting
 - Level 3.2 Evocations


You had 3 spell levels left.
You didn't know any spells.
Your spell library was empty.

Dungeon Overview and Level Annotations

Branches:
Dungeon (2/15)

Altars:


Innate Abilities, Weirdness & Mutations

You cannot wear most types of armour.
You are amphibious.
You can wear up to eight rings at the same time.
Your skin changes colour to match your surroundings (Stealth+).
Your rubbery body absorbs attacks. (AC +1, EV +1)
((You are camouflaged when in or above water. (Stealth+)))
You have tentacles for arms and can constrict up to eight enemies at once.


Message History

A ball python is nearby!
A ball python is nearby!
You tentacle-slap the ball python but do no damage.
You squeeze the ball python.
The ball python is heavily wounded.
You constrict the ball python.
You kill the ball python!
HP restored.
e - 2 scrolls labelled VAMECLYOHO (gained 1)
A bat comes into view.
A bat is nearby!
Found a scroll labelled NUSEON FUVUI.
A bat is nearby!
A bat is nearby!
You tentacle-slap the bat but do no damage.
Your grab misses the bat. The bat hits you. The bat misses you.
A bat is nearby!
You barely miss the bat. Your grab misses the bat. You squeeze the bat.
You kill the bat! 3 gnolls come into view.
Found a scroll labelled HADYAF NOCK.
Found a stone staircase leading down.
There are monsters nearby!
The gnoll shouts! x3
There are monsters nearby!
You tentacle-slap the gnoll. You grab the gnoll.
The gnoll is lightly wounded.
You constrict the gnoll, but do no damage.
The gnoll struggles to escape constriction.
There are monsters nearby!
You barely miss the gnoll.
You squeeze the gnoll, but do no damage.
The gnoll is lightly wounded.
You constrict the gnoll. The gnoll barely misses you.
The gnoll hits you from afar with a +0 spear.
There are monsters nearby!
You tentacle-slap the gnoll. You squeeze the gnoll!
The gnoll is almost dead.
You constrict the gnoll. The gnoll hits you with a +0 flail!
The gnoll hits you from afar with a +0 spear!
You die...

.#.#.### ##.
......# # .
...#
#.#?#.#.#.#
....#.#...#.?..
#...#..........
# #........>...
#..#.....g.....
#......@gg..#
##.#.#.####.# #
#.†..#
#.#.#.##.#
#.#......#
#.#.#....#
#.#.####.#
#.#......#
#.#......#


You could see 3 gnolls.

Vanquished Creatures
  3 ball pythons
  A giant cockroach (D:1)
  A goblin (D:1)
  A hobgoblin (D:1)
  A kobold (D:1)
  4 bats
  A frilled lizard (D:1)
12 creatures vanquished.

Notes
Turn   | Place    | Note
-------+----------+-------------------------------------------
     0 | D:1      | H0rd4k the Octopode Artificer began the quest for the Orb.
     0 | D:1      | Reached XP level 1. HP: 13/13 MP: 1/1
    99 | D:1      | Found a faded altar of an unknown god.
   538 | D:1      | Reached skill level 1 in Spellcasting
   538 | D:1      | Reached XP level 2. HP: 17/18 MP: 3/3
  1071 | D:2      | Slain by a gnoll

Illustrated notes

Levels and vault maps discovered:
D:1:      beargit_arrival_diablo_church, layout_loops_ring,
          basic_ecumenical_altar
D:2:      layout_basic, serial_aquarium, aquarium_bridge_square
          [aquarium_subvault_balcony, aquarium_subvault_bridge,
          aquarium_subvault_bridge, aquarium_subvault_wall],
          aquarium_bridge_square [aquarium_subvault_wall,
          aquarium_subvault_bridge, aquarium_subvault_wall,
          aquarium_subvault_bridge], aquarium_window_fake, aquarium_window_fake,
          aquarium_window_corner, aquarium_view_2c, aquarium_view_2a,
          aquarium_pool_1

Skill      XL: |  1 |
---------------+----+-----
Spellcasting   | 1 |  1.2
Fighting       | |  1.6
Dodging        | |  2.3
Stealth        | |  1.3
Unarmed Combat | |  0.2
Evocations     | |  3.2

Action                   || total
-------------------------++-------
Melee: Unarmed           ||    33
       Constrict         ||    13
       Tentacles         ||    10
 Stab: Sleeping          ||     3
Armor: Skin              ||     4
Dodge: Dodged            ||    23
